Map: Romanticide LE

Players

adpoder

  • Race: Terran Terran
  • League: Platinum

Kaynen - Winner!

  • Race: Zerg Zerg
  • League: Platinum

VOD

Have the link to the VOD?

Description

The Power of camera hot keys.

Time

  • Played on: Sept. 11, 2021, 11:20 a.m.
  • Length: 4:02
Show
View Real Time Build Order
Export as new Build Order

adpoder Terran 

Build Orders:  

Get SALT Encoding   

  12  0:03  SCV  
  13  0:16  SCV  
  13  0:19  Supply Depot  
  14  0:29  SCV  
  15  0:47  SCV  
  16  0:51  Supply Depot  
  16  1:07  SCV  
  16  1:11  Barracks  
  17  1:13  Barracks  
  17  1:19  SCV  
  18  1:35  Supply Depot  
  18  1:37  SCV  
  19  2:01  Marine x2  
  21  2:09  Bunker  
  21  2:12  Bunker  
  21  2:19  Marine  
  17  3:10  Refinery  
  17  3:11  SCV  
  17  3:12  Refinery  
  18  3:16  Command Center  
  18  3:23  SCV  
  4  3:49  SCV  
Show
View Real Time Build Order
Export as new Build Order

Kaynen Zerg - Winner!

Build Orders: Pool First 

Get SALT Encoding   

  12  0:00  Drone  
  13  0:12  Overlord  
  13  0:16  Drone  
  14  0:31  Drone x2  
  16  0:36  Drone  
  16  0:40  Extractor  
  16  0:45  Drone  
  17  0:53  Spawning Pool  
  17  0:55  Drone  
  17  1:16  Hatchery  
  16  1:19  Drone  
  16  1:23  Drone  
  18  1:34  Drone  
  19  1:40  Queen  
  19  1:43  Zergling x2  
  22  1:49  Metabolic Boost  
  22  1:56  Overlord  
  22  2:16  Zergling x4  
  23  2:32  Spine Crawler  
  23  2:33  Zergling x6  
  25  2:46  Zergling x2  
  25  2:47  Zergling x2  
  26  2:52  Queen  
  26  2:54  Queen  
  26  2:56  Zergling x4  
  32  3:08  Zergling x2  
  32  3:09  Zergling x6  
  36  3:14  Overlord  
  36  3:25  Overlord  
  36  3:38  Zergling x2  
  36  3:39  Zergling x4  
  38  3:47  Drone x2  
Tags
 
Add a new tag
Caveats
  • Supply blocks, unpowered buildings, or Contaminate may cause inaccurate times.
  • Supply counts are checked every 10 seconds.